 Dungeon Crawl Stone Soup version 0.17-a0-2007-g96ac4c4 (webtiles) character file.

9242 Ordine the Cruncher (level 11, -3/91 HPs)
             Began as a Minotaur Gladiator on Oct 9, 2015.
             Was an Elder of Okawaru.
             Slain by a spiny frog (12 damage)
             ... on level 2 of the Lair of Beasts.
             The game lasted 00:42:49 (11413 turns).

Ordine the Cruncher (Minotaur Gladiator)           Turns: 11413, Time: 00:42:49

Health: -3/91      AC: 19    Str: 21    XL:     11   Next: 20%
Magic:  10/10      EV: 12    Int:  5    God:    Okawaru [****..]
Gold:   514        SH:  0    Dex: 13    Spells: 0 memorised, 10 levels left

rFire  + . .     SeeInvis .     s - +4 quarterstaff
rCold  . . .     Clarity  .     B - +0 chain mail
rNeg   . . .     SustAt   .     (no shield)
rPois  .         Gourm    .     c - +1 hat
rElec  .         Spirit   .     I - +1 cloak
rCorr  .         Warding  .     r - +0 pair of gloves
rMut   .         Stasis   .     f - +2 pair of boots
MR     +....                    (no amulet)
Stlth  ..........               J - ring of protection from magic
                                i - ring of protection from fire

@: somewhat resistant to hostile enchantments, extremely unstealthy
A: retaliatory headbutt, horns 2
a: Heroism, Renounce Religion


You were on level 2 of the Lair of Beasts.
You worshipped Okawaru.
Okawaru was greatly pleased with you.
You were not hungry.

You visited 3 branches of the dungeon, and saw 12 of its levels.
You also visited: Ossuary.

You collected 657 gold pieces.
You spent 143 gold pieces at shops.

Inventory:

Hand Weapons
 s - a +4 quarterstaff (weapon)
 t - a +0 blowgun
Missiles
 k - 2 curare-tipped needles
 m - 4 throwing nets
 n - 8 javelins
 y - 2 tomahawks (quivered)
Armour
 c - a +1 hat (worn)
 f - a +2 pair of boots (worn)
 r - a +0 pair of gloves (worn)
 B - a +0 chain mail (worn)
 I - a +1 cloak (worn)
Jewellery
 i - a ring of protection from fire (left hand)
 J - a ring of protection from magic (right hand)
Wands
 g - a wand of magic darts (12)
 u - a wand of confusion (18)
 A - a wand of fireball (11)
 C - a wand of polymorph (8)
 D - a wand of fireball (8)
 E - a wand of enslavement (5)
 F - a wand of fireball (2)
 G - a wand of teleportation (3)
Scrolls
 b - a scroll of fear
 p - 2 scrolls of amnesia
 q - a scroll of enchant weapon
 x - a scroll of enchant armour
 z - a scroll of remove curse
Potions
 a - 2 potions of curing
 d - 4 potions of agility
 h - 3 potions of heal wounds
 l - 2 potions of might
 o - 3 potions of cure mutation
 w - a potion of berserk rage
 H - a potion of poison {unknown}
Comestibles
 e - 10 bread rations
 j - 4 meat rations
 v - 6 beef jerkies
 K - 5 chunks of flesh


   Skills:
 * Level 6.4 Fighting
 - Level 14.0 Staves
 - Level 2.0 Throwing
 - Level 10.0 Armour
 - Level 10.0 Dodging


You had 10 spell levels left.
You didn't know any spells.

Dungeon Overview and Level Annotations

Branches:
Dungeon (9/15)             Temple (1/1) D:6            Lair (2/8) D:8
    Orc: D:9-12

Altars:
Ashenzari
Cheibriados
Dithmenos
Elyvilon
Fedhas
Gozag
Kikubaaqudgha
Makhleb
Nemelex Xobeh
Okawaru
Qazlal
Ru
Sif Muna
Trog
Vehumet
Xom
Yredelemnul
Zin
The Shining One

Shops:
D:4 !   D:5 (   D:7 [


Innate Abilities, Weirdness & Mutations

You reflexively headbutt those who attack you in melee.
You have a pair of horns on your head.


Message History

Drink which item? (? for menu, Esc to quit)
You feel better. The spiny frog misses you.
You are too injured to fight recklessly!
You are too injured to fight recklessly!
You are too injured to fight recklessly!
You are too injured to fight recklessly!
You closely miss the spiny frog. Your headbutt misses the spiny frog.
The spiny frog is heavily wounded.
The spiny frog stings you but does no damage.
You closely miss the spiny frog. Your headbutt misses the spiny frog.
The spiny frog is heavily wounded.
You hit the spiny frog but do no damage.
The spiny frog is heavily wounded.
The spiny frog stings you!
* * * LOW HITPOINT WARNING * * *
You are lethally poisoned!
The spiny frog poisons you!
Drink which item? (? for menu, Esc to quit)
You feel better. The spiny frog stings you!
You die...

...###...# #.... ...#
##### #....# .$ ...#
....### . # ...# ##
##.....# . ..
...######P##.....# .#..#
................P##..P.#
........................
........................
.........>..†÷..@F......
..............†.........
....P.##P..#.....#######
....P.P#####.....###
....+..............#
....#.....##.........
....##....#.......###
....##....##....###
....##....#.....#


You could see a spiny frog.

Vanquished Creatures
  Maurice (D:9)
  Joseph (D:9)
  A black mamba (Lair:2)
  3 spiny frogs
  A komodo dragon (Lair:1)
  2 trolls (D:9)
  Prince Ribbit (D:7)
  8 blink frogs (Lair:2)
  4 yaks (D:9)
  2 hippogriffs
  A wolf (Lair:2)
  Menkaure (D:7)
  4 water moccasins
  2 porcupines
  8 ogres
  2 orc warriors
  The ghost of finrod the Magician, an amateur MfSk (D:4)
  A phantom (D:7)
  2 centaurs
  2 crocodiles (Lair:1)
  Blork the orc (D:5)
  4 elf zombies (Ossuary)
  4 giant frogs
  3 wights (D:6)
  2 jellies
  A crimson imp (D:6)
  2 centaur zombies (Ossuary)
  2 orc priests
  3 hounds
  A giant frog skeleton (D:5)
  A centaur skeleton (D:7)
  4 worker ants
  4 iguanas
  12 orc wizards
  2 big kobold zombies (Ossuary)
  A hound skeleton (D:9)
  3 mummies
  A worker ant zombie (D:7)
  5 adders
  4 gnolls (D:4)
  A shadow imp (D:5)
  An ooze (D:1)
  An adder skeleton (D:6)
  4 worms
  7 giant geckos
  30 orcs
  A ball python (D:3)
  7 giant cockroaches
  10 hobgoblins
  14 jackals
  10 bats
  A giant gecko skeleton (D:5)
  4 giant newts
  6 goblins
  2 goblin zombies (Ossuary)
  8 hobgoblin zombies (Ossuary)
  6 kobolds
  7 kobold zombies (Ossuary)
  10 orc zombies (Ossuary)
  5 quokkas
  2 quokka skeletons
  A quokka zombie (D:8)
  6 rats
  2 rat zombies (Ossuary)
254 creatures vanquished.

Notes
Turn   | Place    | Note
--------------------------------------------------------------
     0 | D:1      | Ordine the Minotaur Gladiator began the quest for the Orb.
     0 | D:1      | Reached XP level 1. HP: 18/18 MP: 0/0
    14 | D:1      | Reached skill level 4 in Staves
    29 | D:1      | Reached XP level 2. HP: 19/25 MP: 1/1
   138 | D:1      | You fall through a shaft!
   312 | D:2      | Found a snail-covered altar of Cheibriados.
   378 | D:2      | Found a sparkling altar of Nemelex Xobeh.
   445 | D:1      | Reached skill level 5 in Staves
   482 | D:1      | Reached XP level 3. HP: 28/30 MP: 2/2
  1149 | D:2      | Found a burning altar of Makhleb.
  1315 | D:2      | Found a shattered altar of Ashenzari.
  1315 | D:2      | Found a bloodstained altar of Trog.
  1432 | D:2      | Reached XP level 4. HP: 37/37 MP: 3/3
  1550 | D:3      | Reached skill level 6 in Staves
  2174 | D:3      | Reached skill level 7 in Staves
  2174 | D:3      | Reached XP level 5. HP: 36/42 MP: 4/4
  2894 | D:3      | Reached skill level 8 in Staves
  3210 | D:4      | Reached XP level 6. HP: 50/50 MP: 5/5
  3604 | D:4      | Found a shimmering altar of Xom.
  3637 | D:4      | Found Sehoogu's Distillery.
  3642 | D:4      | Noticed finrod's ghost (amateur MfSk)
  3657 | D:4      | Killed finrod's ghost
  3665 | D:4      | Bought a potion of curing for 39 gold pieces
  3665 | D:4      | Bought a potion of agility for 52 gold pieces
  3665 | D:4      | Bought a potion of might for 52 gold pieces
  3691 | D:4      | Found a stormy altar of Qazlal.
  3740 | D:4      | Reached skill level 9 in Staves
  4180 | D:5      | Entered Level 5 of the Dungeon
  4238 | D:5      | Found a white marble altar of Elyvilon.
  4363 | D:5      | Reached XP level 7. HP: 35/56 MP: 6/6
  4365 | D:5      | Reached skill level 10 in Staves
  4459 | D:5      | Found a sand-covered staircase.
  4595 | Ossuary  | Entered an ossuary
  4741 | Ossuary  | Reached skill level 11 in Staves
  4892 | Ossuary  | Reached XP level 8. HP: 50/62 MP: 7/7
  4996 | D:5      | Found Etaydafu's Antique Weapon Emporium.
  5080 | D:5      | Noticed Blork the orc
  5093 | D:5      | Killed Blork the orc
  5488 | D:6      | Reached skill level 12 in Staves
  5517 | D:6      | Found a staircase to the Ecumenical Temple.
  5534 | Temple   | Entered the Ecumenical Temple
  6504 | D:7      | Reached skill level 13 in Staves
  6572 | D:7      | Noticed Menkaure
  6583 | D:7      | Killed Menkaure
  6837 | D:7      | Found Hocoic's Armour Shop.
  6845 | D:7      | Noticed Prince Ribbit
  6855 | D:7      | Killed Prince Ribbit
  6855 | D:7      | Reached XP level 9. HP: 60/68 MP: 8/8
  6891 | D:7      | Reached skill level 1 in Armour
  6899 | D:7      | Reached skill level 14 in Staves
  7759 | D:8      | Reached skill level 5 in Dodging
  7978 | D:8      | Found a staircase to the Lair.
  8117 | D:8      | Reached skill level 5 in Armour
  8471 | D:9      | Found an iron altar of Okawaru.
  8485 | D:9      | Became a worshipper of Warmaster Okawaru
  8510 | D:9      | Noticed Joseph
  8525 | D:9      | Killed Joseph
  8581 | D:9      | Acquired Okawaru's first power
  8581 | D:9      | Reached XP level 10. HP: 64/74 MP: 9/9
  8721 | D:9      | Noticed Maurice
  9065 | D:9      | Killed Maurice
  9242 | Lair:1   | Entered Level 1 of the Lair of Beasts
 10522 | Lair:2   | HP: 3/74 [poisoned by a spiny frog]
 11017 | Lair:2   | Noticed a black mamba
 11024 | Lair:2   | Killed a black mamba
 11238 | Lair:2   | Reached skill level 10 in Dodging
 11248 | Lair:2   | Reached skill level 10 in Armour
 11251 | Lair:2   | Reached XP level 11. HP: 75/82 MP: 10/10
 11280 | Lair:2   | Reached skill level 5 in Fighting
 11412 | Lair:2   | HP: 4/91 [spiny frog (17)]
 11413 | Lair:2   | Slain by a spiny frog

Vault maps used:
D:1:      minmay_arrival_up_and_down
D:2:      cheibriados_altar_1, lemuel_doored_altar,
          gammafunk_temple_overflow_wave, nemelex_lonely_heart_becter
D:3:      first_bread
D:4:      kennysheep_mini, nicolae_qazlal_general_emergency, serial_shops, shop
D:5:      elyvilon_altar_3, serial_shops, nicolae_shop_behind_doors,
          gup_ossuary_entry_pyramid, minmay_misc_feat_columns,
          uniq_blork_the_orc
D:6:      minmay_temple_entry_large_hall
D:7:      serial_shops, shop, grunt_ogre_cave, minmay_misc_feat_room,
          uniq_prince_ribbit1, uniq_menkaure
D:8:      lair_0_dummy
D:9:      okawaru_gym_becter, kennysheep_windowed_goal, uniq_maurice,
          uniq_joseph
Temple:   triangle_lava_temple_11
Lair:2:   beast_lair_carwin_1, uniq_sonja
Ossuary:  ossuary_tomb_1

Action                   |  1- 3 |  4- 6 |  7- 9 | 10-12 || total
-------------------------+-------+-------+-------+-------++-------
Melee: Quarterstaff      |    81 |   146 |   328 |   235 ||   790
 Fire: Blowgun           |       |       |       |     4 ||     4
Throw: Throwing net      |       |     3 |       |       ||     3
  Use: Scroll            |       |    12 |     6 |     2 ||    20
       Potion            |       |     1 |     6 |     4 ||    11
 Stab: Distracted        |       |       |     1 |       ||     1
  Eat: Chunk             |     2 |     9 |    10 |     6 ||    27
       Beef jerky        |       |       |     2 |     2 ||     4
